 Dungeon Crawl Stone Soup version 0.30.0-29-ga12c61a403 (webtiles) character file.

Game seed: 2857185449628754421

3008 ChadusMaximus the Summoner (level 9, -1/51 HPs)
             Began as a Barachi Summoner on June 24, 2023.
             Was a Priest of Hepliaklqana.
             Slain by an orc warrior
             ... wielding a +0 war axe
              (6 damage)
             ... in a bailey.
             The game lasted 00:11:23 (7935 turns).

ChadusMaximus the Summoner (Barachi Summoner)       Turns: 7935, Time: 00:11:27

Health: -1/51      AC:  6    Str: 10    XL:     9   Next: 84%
Magic:  9/21       EV: 12    Int: 26    God:    Hepliaklqana [***...]
Gold:   459        SH:  0    Dex: 12    Spells: 8/24 levels left

rFire   . . .        x - +0 longbow
rCold   . . .        (shield currently unavailable)
rNeg    . . .        a - +0 robe
rPois   .            (no helmet)
rElec   .            z - +0 cloak
rCorr   .            i - +2 pair of gloves
SInv    .            (no boots)
Will    .....        (no amulet)
Stlth   ++           v - +6 ring of intelligence
HPRegen 0.28/turn    t - ring of wizardry
MPRegen 0.17/turn

%: wizardry (x1)
@: unable to hop, slow
A: reduced essence, amphibious, slowness 1, strong legs 1, +LOS
a: Hop, Renounce Religion, Recall Ancestor, Ancestor Identity, Transference


You were in a bailey.
You worshipped Hepliaklqana.
Hepliaklqana was most pleased with you.
You visited 2 branches of the dungeon, and saw 10 of its levels.
You also visited: Bailey.

You collected 459 gold pieces.

Inventory:

Hand Weapons
 x - a +0 longbow (weapon)
 A - a +4 hammer of protection
Missiles
 E - 3 throwing nets
Armour
 a - a +0 robe (worn)
 i - a +2 pair of gloves (worn)
 z - a +0 cloak (worn)
 F - a +0 kite shield
Jewellery
 k - a +4 ring of protection
 s - an amulet of guardian spirit
 t - a ring of wizardry (right hand)
 v - a +6 ring of intelligence (left hand)
Wands
 G - a wand of paralysis (9)
 I - a wand of roots (8)
Scrolls
 d - 2 scrolls of summoning
 e - 2 scrolls of poison
 h - a scroll of fog
 m - 2 scrolls of enchant weapon
 o - 3 scrolls of noise
 p - 2 scrolls of magic mapping
 u - 2 scrolls of silence
 y - a scroll of brand weapon
 B - a scroll of fear
 D - 2 scrolls of blinking
 H - 2 scrolls of vulnerability {unknown}
 J - a scroll of enchant armour {unknown}
Potions
 b - 3 potions of magic
 f - 2 potions of brilliance {unknown}
 g - 3 potions of haste {unknown}
 j - a potion of heal wounds {unknown}
 l - 2 potions of attraction {unknown}
 n - a potion of degeneration {unknown}
 q - 2 potions of lignification {unknown}
 r - 3 potions of curing
 w - a potion of berserk rage {unknown}
 C - a potion of ambrosia {unknown}


   Skills:
 - Level 2.1 Dodging
 - Level 1.7 Stealth
 + Level 8.0 Spellcasting
 * Level 13.7 Summonings


You had 8 spell levels left.
You knew the following spells:

 Your Spells              Type           Power      Damage    Failure   Level
a - Summon Small Mammal   Summ           100%       N/A       0%          1
b - Call Canine Familiar  Summ           69%        N/A       1%          3
c - Call Imp              Summ           100%       N/A       1%          2
d - Summon Lightning Spi  Summ/Air       46%        N/A       1%          4
e - Summon Cactus Giant   Summ           34%        N/A       1%          6

Your spell library contained the following spells:

 Spells                   Type           Power      Damage    Failure   Level
 Summon Guardian Golem    Hex/Summ       46%        N/A       1%          3
 Scorch                   Fire           20%        2d6       3%          2
 Hailstorm                Conj/Ice       10%        3d5       7%          3
 Vhi's Electric Charge    Tloc/Air       20%        N/A       7%          3
 Flame Wave               Conj/Fire      10%        2d6       22%         4
 Ice Form                 Ice/Tmut       10%        N/A       22%         4
 Summon Horrible Things   Summ           34%        N/A       45%         8
 Arcjolt                  Conj/Air       5%         1d15      50%         5
 Iskenderun's Battlesphe  Conj           10%        2d6       50%         5
 Malign Gateway           Summ/Tloc      23%        N/A       71%         7
 Spellforged Servitor     Conj/Summ      23%        N/A       71%         7
 Iron Shot                Conj/Erth      5%         9d2       96%         6
 Simulacrum               Ice/Necr       5%         N/A       96%         6
 Maxwell's Capacitive Co  Air            5%         ∞         100%        8


Dungeon Overview and Level Annotations

Branches:
Dungeon (9/15)             Temple (1/1) D:4            Lair (0/5) D:9
 Bailey (1/1)
    Orc: D:9-12

Altars:
Ashenzari
Cheibriados
Dithmenos
Elyvilon
Gozag
Hepliaklqana
Kikubaaqudgha
Makhleb
Nemelex Xobeh
Okawaru
Qazlal
Ru
Sif Muna
Trog
Uskayaw
Vehumet
Wu Jian
Xom
Yredelemnul
Zin
The Shining One

Shops:
D:5 **   D:8 *   D:9 !

Annotations:
D:3 2 transporters, LaMa's ghost, amateur DrIE
D:4 3 runed translucent doors, SharpKris's ghost, amateur HuHu


Innate Abilities, Weirdness & Mutations

Your life essence is reduced to manifest your ancestor. (-10% HP)
You are amphibious.
You cover ground slowly.
You can hop short distances.
You have an extended range of vision and can be seen from far away.


Message History

Your warg bites the orc warrior.
There is an open door, spattered with blood here.
Items here: )) [[.
Unknown command.
Hop to where?
Press: ? - help, Dir - move target Boing!
Gnaeus hits the orc warrior with a +0 quarterstaff.
Unknown command.
Your warg bites the orc warrior.
The orc warrior barely misses you.
The orc warrior hits Gnaeus with a +0 war axe.
Gnaeus points at the orc warrior and mumbles some strange words.
The stone arrow hits the orc warrior!
The orc warrior hits Gnaeus with a +0 war axe.
Things that are here:
a +0 war axe; a +0 leather armour; an orc corpse You are too injured to fight recklessly!
You are too injured to fight recklessly!
Unknown command.
Fire: x) +0 longbow
Press: ? - help, Q - select action, (/) - cycle Shift-Dir - straight line, f - orc warrior
Aim: an orc warrior, wielding a +0 war axe and wearing a +0 chain mail (severely wounded, not watching you, ally target, 47% to hit)
You shoot an arrow. The arrow hits the orc warrior.
The orc warrior is severely wounded.
Your lightning spire disappears in a puff of smoke!
Your warg bites the orc warrior but does no damage.
Gnaeus casts a spell at the orc warrior.
The puff of frost misses the orc warrior.
Fire: x) +0 longbow
Press: ? - help, Q - select action, (/) - cycle Shift-Dir - straight line, f/p - orc warrior
Aim: an orc warrior, wielding a +0 war axe and wearing a +0 chain mail (severely wounded, ally target, 47% to hit)
You shoot an arrow.
The arrow closely misses the orc warrior.
The orc warrior hits you with a +0 war axe!
* * * LOW HITPOINT WARNING * * *
The orc warrior misses your warg.
The orc warrior hits Gnaeus with a +0 war axe.
Your warg misses the orc warrior.
The orc warrior hits you with a +0 war axe.
You die...

≈≈≈≈≈≈≈≈≈≈≈≈≈≈≈≈≈≈≈≈≈≈≈≈≈≈≈≈
≈≈≈≈≈≈≈≈≈≈≈≈≈≈≈≈≈≈≈≈≈≈≈≈S≈≈≈
≈≈≈≈≈≈≈≈≈≈≈≈≈≈≈≈≈≈≈≈≈≈≈≈≈≈≈≈
≈≈≈≈≈≈≈≈≈≈≈≈S≈≈≈≈≈≈≈≈≈≈≈≈≈≈≈
≈≈≈≈≈≈†≈≈≈≈≈≈≈≈≈≈≈≈≈≈≈≈≈≈≈≈≈
######~~~~~~~~~~~~S######≈≈≈
#.#..'............)'C.#
#'#).###############§.#+#
#....# #..@ohC....# #....#
.8.8.'...R.#....# ######
.##############.# ~.# .~≈
~.# .~≈≈≈ ~.# ~≈≈≈≈ ~.#
~≈≈≈≈≈ ..+ ~≈≈≈≈≈ ..+ ≈≈≈≈


You could see the friendly Gnaeus the battlemage, an orc warrior (ally target),
a friendly cactus giant (summoned) and a friendly warg (summoned).

Vanquished Creatures
  An ogre (D:5)
  A scorpion (D:5)
  2 jellies
  An iguana (D:5)
  5 adders
  2 white imps (D:6)
  2 dart slugs
  11 orcs
  5 ball pythons
  4 endoplasms
  6 giant cockroaches
  4 goblins
  6 hobgoblins
  4 quokkas
  2 bats (D:3)
  3 frilled lizards
  4 kobolds
  5 rats
68 creatures vanquished.

Vanquished Creatures (collateral kills)
  An orc knight (Bailey)
  A kobold demonologist (D:9)
  3 yaks (D:9)
  3 orc warriors
  A sky beast (D:6)
  An ice beast (D:8)
  An ogre (D:6)
  A kobold brigand (D:8)
  2 bullfrogs (D:8)
  A gnoll sergeant (D:7)
  3 scorpions
  2 electric eels (Bailey)
  A hound (D:6)
  An orc priest (D:8)
  2 jellies (D:6)
  Crazy Yiuf (D:5)
  A gnoll bouda (D:8)
  Terence (D:3)
  4 orc wizards
  A sleepcap (D:7)
  9 gnolls
  3 adders
  A worm (D:3)
  A dart slug (D:4)
  12 orcs
  7 goblins
  2 kobolds (D:8)
67 creatures vanquished.

Vanquished Creatures (others)
  2 ancestors
2 creatures vanquished.

Grand Total: 137 creatures vanquished

Notes
Turn   | Place    | Note
-------+----------+-------------------------------------------
     0 | D:1      | ChadusMaximus the Barachi Summoner began the quest for the
                  | Orb.
     0 | D:1      | Reached XP level 1. HP: 13/13 MP: 3/3
     8 | D:1      | Noticed a minotaur skeleton
    13 | D:1      | Noticed a minotaur skeleton
    21 | D:1      | Noticed a minotaur skeleton
   211 | D:1      | Reached skill level 5 in Summonings
   279 | D:1      | Reached XP level 2. HP: 19/19 MP: 5/5
   956 | D:2      | Reached XP level 3. HP: 24/24 MP: 7/7
   960 | D:2      | Learned a level 3 spell: Call Canine Familiar
   963 | D:2      | Learned a level 2 spell: Call Imp
  1419 | D:2      | Found a faded altar of an unknown god.
  1482 | D:2      | Reached skill level 6 in Summonings
  2021 | D:3      | Found a transporter.
  2063 | D:3      | Noticed Terence
  2097 | D:3      | Killed Terence
  2098 | D:3      | Reached XP level 4. HP: 30/30 MP: 2/8
  2140 | D:3      | Noticed LaMa's ghost (amateur DrIE)
  2220 | D:3      | Found a transporter.
  2627 | D:3      | Reached XP level 5. HP: 32/35 MP: 7/10
  2916 | D:3      | Found a hide-covered altar of Uskayaw.
  2924 | D:3      | Found a sparkling altar of Nemelex Xobeh.
  2927 | D:3      | Found a broken altar of Ashenzari.
  2932 | D:3      | Found a stormy altar of Qazlal.
  2933 | D:3      | Found a sacrificial altar of Ru.
  3209 | D:4      | Reached skill level 7 in Summonings
  3333 | D:4      | Found a staircase to the Ecumenical Temple.
  3382 | D:4      | Found a runed translucent gate.
  3382 | D:4      | Found a runed translucent gate.
  3382 | D:4      | Found a runed translucent gate.
  3445 | Temple   | Entered the Ecumenical Temple
  3455 | Temple   | Became a worshipper of Hepliaklqana the Forgotten
  3485 | D:4      | Noticed SharpKris's ghost (amateur HuHu)
  3628 | D:4      | Reached XP level 6. HP: 36/41 MP: 11/11
  3826 | D:5      | Entered Level 5 of the Dungeon
  3832 | D:5      | Learned a level 4 spell: Summon Lightning Spire
  3996 | D:5      | Found Pekhliar's Assorted Antiques.
  4007 | D:5      | Found Verekleh's Assorted Antiques.
  4010 | D:5      | Reached * piety under Hepliaklqana
  4034 | D:5      | Reached skill level 8 in Summonings
  4140 | D:5      | Found a runed translucent door.
  4141 | D:5      | Noticed Crazy Yiuf
  4155 | D:5      | Killed Crazy Yiuf
  4315 | D:5      | Reached XP level 7. HP: 41/41 MP: 13/13
  4337 | D:5      | Found an ornate altar of the Wu Jian Council.
  4838 | D:6      | Reached skill level 9 in Summonings
  4867 | D:6      | Reached ** piety under Hepliaklqana
  4868 | D:6      | Remembered your ancestor Gnaeus as a battlemage
  4908 | D:6      | Reached skill level 5 in Spellcasting
  5137 | D:6      | Reached XP level 8. HP: 46/46 MP: 16/16
  5513 | D:7      | Reached skill level 10 in Summonings
  6098 | D:7      | Learned a level 6 spell: Summon Cactus Giant
  6103 | D:8      | Found Zaotuemubb's General Store.
  6196 | D:8      | Reached *** piety under Hepliaklqana
  6361 | D:8      | Reached skill level 11 in Summonings
  6818 | D:9      | Found Riatecoe's Distillery.
  6835 | D:9      | Found a flagged portal.
  6837 | D:9      | Noticed a kobold demonologist
  6841 | D:9      | Noticed an ice devil
  6849 | D:9      | Killed a kobold demonologist
  6850 | D:9      | Reached skill level 12 in Summonings
  6850 | D:9      | Reached XP level 9. HP: 46/51 MP: 3/19
  6876 | Bailey   | Entered a bailey
  7320 | Bailey   | Reached skill level 13 in Summonings
  7321 | Bailey   | Noticed an orc knight
  7329 | Bailey   | Killed an orc knight
  7935 | Bailey   | Slain by an orc warrior

Illustrated notes

Levels and vault maps discovered:
D:1:      shiori_arrival_whats_in_store_for_you, layout_loops_ring,
          minmay_misc_feat_square, kennysheep_nondescript
D:2:      layout_basic, shapermc_ecumenical_altar_mp_highgroup,
          kennysheep_generic_room_13
D:3:      layout_loops_corners, minitemple, gammafunk_ghost_gnarly_gnolls,
          uniq_terence
D:4:      layout_loops_ring, minmay_temple_entry_glass, gammafunk_ghost_icy
D:5:      layout_loops_ring, lemuel_coloured_pillars_altar, serial_shops, shop,
          nicolae_shop_overgrown_old_shop, uniq_crazy_yiuf_cottage
D:6:      layout_cave_pods
D:7:      layout_rooms, nicolae_sextant
D:8:      layout_cave_pools, serial_shops, nicolae_diamond_shop
D:9:      wander_kiku_kobolds, layout_long_grid, lair_entry_dummy, serial_shops,
          nicolae_shop_tiny_glass, enter_bailey_5
Temple:   hellmonk_temple_two_chambers
Bailey:   bailey_axe_of_yendor_kennysheep, bailey

Skill      XL: |  1  2  3  4  5  6  7  8  9 |
---------------+----------------------------+-----
Summonings     | 5 6 7 8 9 12 13 | 13.7
Spellcasting   | 3 4 5 7 8 |  8.0
Dodging        | |  2.1
Stealth        | |  1.7

Action                     |  1- 3 |  4- 6 |  7- 9 || total
---------------------------+-------+-------+-------++-------
  Melee: Hand axe          |    11 |       |       ||    11
         Dagger            |    12 |       |       ||    12
   Fire: Sling             |    74 |   103 |       ||   177
         Longbow           |       |    37 |    86 ||   123
   Cast: Summon Small Mamm |     2 |       |     7 ||     9
         Call Canine Famil |     3 |     7 |     8 ||    18
         Call Imp          |     2 |     8 |     7 ||    17
         Summon Cactus Gia |       |       |    11 ||    11
         Summon Lightning  |       |       |     4 ||     4
 Invoke: Ancestor Life: Ba |       |       |     1 ||     1
         Recall Ancestor   |       |       |     1 ||     1
Ability: Hop               |     3 |       |     2 ||     5
    Use: Potion            |     1 |       |       ||     1
         Scroll            |       |       |    11 ||    11
   Stab: Sleeping          |     2 |       |       ||     2
 Armour: Robe              |     7 |    28 |    10 ||    45
  Dodge: Dodged            |    40 |    52 |    29 ||   121
